AoeStats
← 河北彩花

Fortress

510045420Analyzed
4v4 RM · 3d ago on Sep 29, 2026· 41m 32s· 8 players
Game mode
Random Map
Map size
Huge
Population
200
Speed
Normal
Resources
Standard
Victory
Conquest
Starting age
Dark Age
Ending age
Imperial Age
RankedLock teamsTeams togetherTeam positionsShared explorationLock speedFull tech treeHidden civsTurbo modeCheats
Victory
Defeat
🇻🇳 Italians · Vietnam
1223
+14
🇵🇰 Mongols · Pakistan
1217
+14
🇲🇴 Cumans · Macao SAR China
1213
+15
🇭🇰 Slavs · Hong Kong SAR China
1189
+16
🇲🇽 Persians · Mexico
1203
-16
🇲🇽 Maya · Mexico
1202
-16
🇲🇽 Spanish · Mexico
1171
-14
1148
-13
河北彩花
0:43 Loom
7:11 Feudal Age
7:57 Double-Bit Axe
9:08 Wheelbarrow
9:52 Horse Collar
17:39 Castle Age
15:56 Gold Mining
16:05 Stone Mining
18:44 Hand Cart
18:43 Heavy Plow
18:58 Bow Saw
19:37 Light Cavalry
23:33 Imperial Age
20:51 Town Watch
22:05 Bloodlines
22:51 Scale Barding Armor
22:58 Forging
23:36 Hussar
25:35 Conscription
26:26 Chain Barding Armor
28:49 Fletching
29:35 Plate Barding Armor
30:13 Ballistics
30:05 Bodkin Arrow
30:36 Cuman Mercenaries
32:04 Padded Archer Armor
32:41 Iron Casting
32:09 Padded Archer Armor
34:21 Two-Man Saw
34:29 Crop Rotation
34:22 Thumb Ring
34:42 Parthian Tactics
35:24 Gold Shaft Mining
36:24 Blast Furnace
35:40 Leather Archer Armor
35:37 Elite Kipchak
38:31 Chemistry
38:04 Steppe Husbandry
38:10 Steppe Husbandry
38:47 Town Patrol
39:24 Ring Archer Armor
40:07 Hoardings
41:05 Fervor
La Apple
6:50 Feudal Age
10:27 Castle Age
8:28 Double-Bit Axe
8:52 Horse Collar
19:04 Imperial Age
16:50 Gold Mining
17:57 Bow Saw
18:29 Fletching
19:23 Wheelbarrow
19:52 Heavy Plow
23:05 Chemistry
22:26 Ballistics
22:13 Padded Archer Armor
23:13 Bodkin Arrow
23:27 Loom
25:42 Two-Man Saw
26:39 Bracer
26:55 Leather Archer Armor
30:21 Hand Cart
29:51 Town Watch
30:00 Elite Genoese Crossbowman
31:26 Ring Archer Armor
30:40 Treadmill Crane
31:45 Conscription
35:19 Pirotechnia
36:09 Caravan
39:15 Thumb Ring
Hyacine
7:10 Feudal Age
8:29 Double-Bit Axe
11:11 Castle Age
9:19 Horse Collar
12:22 Bow Saw
16:15 Wheelbarrow
19:34 Hand Cart
20:27 Fletching
21:27 Bodkin Arrow
21:32 Padded Archer Armor
21:27 Elite Skirmisher
22:33 Scale Barding Armor
25:48 Heavy Plow
26:24 Loom
30:23 Imperial Age
29:13 Leather Archer Armor
29:18 Chain Barding Armor
29:09 Forging
30:18 Pikeman
30:58 Squires
30:51 Capped Ram
31:01 Onager
31:52 Halberdier
32:15 Siege Ram
34:27 Scale Mail Armor
35:02 Iron Casting
34:46 Siege Engineers
35:42 Chemistry
35:41 Chain Mail Armor
36:01 Plate Barding Armor
36:57 Plate Mail Armor
37:36 Blast Furnace
39:18 Caravan
Hamid9514
7:56 Feudal Age
12:51 Castle Age
11:02 Double-Bit Axe
10:59 Horse Collar
20:48 Fletching
32:42 Wheelbarrow
33:13 Stone Mining
36:28 Imperial Age
34:41 Gold Mining
35:45 Bloodlines
35:35 Husbandry
34:56 Light Cavalry
35:51 Forging
35:47 Scale Barding Armor
36:50 Bodkin Arrow
37:29 Elite Mangudai
38:47 Bracer
39:25 Padded Archer Armor
39:34 Hussar
41:35 Leather Archer Armor
41:44 Chain Barding Armor
41:52 Ballistics
42:33 Chemistry
SHADOW2727z
0:31 Loom
6:26 Feudal Age
9:03 Double-Bit Axe
12:36 Castle Age
11:03 Gold Mining
11:43 Horse Collar
12:08 Fletching
12:59 Padded Archer Armor
17:09 Wheelbarrow
21:14 Hand Cart
21:12 Bow Saw
21:06 Heavy Plow
21:25 Leather Archer Armor
22:12 Town Watch
24:42 Ballistics
24:33 Fortified Wall
27:20 Treadmill Crane
27:41 Stone Mining
34:13 Imperial Age
32:25 Forging
32:17 Scale Mail Armor
36:17 Town Patrol
37:35 Conscription
36:35 Elite Plumed Archer
DSLG bolbie
7:52 Feudal Age
7:54 Loom
12:08 Castle Age
12:05 Double-Bit Axe
12:03 Horse Collar
14:53 Husbandry
16:18 Bloodlines
25:11 Imperial Age
23:41 Wheelbarrow
22:51 Town Watch
24:15 Light Cavalry
25:06 Scale Barding Armor
25:11 Forging
25:24 Kamandaran
u2roOck
7:12 Feudal Age
11:48 Castle Age
10:39 Bloodlines
11:11 Padded Archer Armor
11:07 Double-Bit Axe
12:08 Horse Collar
13:04 Husbandry
17:40 Padded Archer Armor
20:57 Wheelbarrow
21:18 Leather Archer Armor
23:52 Hand Cart
24:48 Heavy Plow
28:22 Imperial Age
30:48 Scale Barding Armor
30:54 Forging
31:52 Conscription
33:22 Cavalier
35:08 Gold Mining
36:39 Chain Barding Armor
36:58 Iron Casting
38:10 Paladin
40:16 Plate Barding Armor
40:43 Blast Furnace
[ GMEX ] Uhtred the Uhtred
8:24 Feudal Age
9:42 Double-Bit Axe
9:48 Horse Collar
12:56 Castle Age
12:18 Fletching
12:59 Loom
13:50 Gold Mining
14:53 Bow Saw
15:00 Bow Saw
15:06 Bodkin Arrow
19:13 Thumb Ring
21:35 Wheelbarrow
26:09 Imperial Age
25:51 Elite Skirmisher
26:36 Padded Archer Armor
28:06 Chemistry
27:27 Ballistics
27:32 Conscription
29:51 Two-Man Saw
29:26 Leather Archer Armor
30:38 Elite Kipchak
31:14 Stone Mining
34:23 Ring Archer Armor
36:18 Scale Barding Armor
36:56 Bloodlines
36:17 Light Cavalry
37:20 Chain Barding Armor
37:14 Forging
37:12 Steppe Husbandry
37:53 Hussar
39:14 Plate Barding Armor
39:51 Iron Casting
Connection lost

Rejoining the realm…

Still unreachable

The connection could not be restored.

Session expired

The server has moved on; the page needs a fresh start.